[Event "*** SCC Grand Prix: Titled Tuesday Blitz"]
[Site "Chess.com"]
[Date "2020.09.08"]
[Round "6"]
[White "tmr88"]
[Black "Nils_03"]
[Result "1-0"]
[WhiteElo "2067"]
[BlackElo "2263"]
[TimeControl "180+1"]
[EndTime "11:07:38 PDT"]
[Termination "tmr88 won by checkmate"]

1. e4 c5 2. Nf3 Nf6 3. e5 Nd5 4. Bc4 e6 5. Nc3 Nxc3 6. dxc3 d5 7. exd6 Qxd6 8. Qe2 Nc6 9. Bd2 Be7 10. O-O-O O-O 11. Kb1 Qc7 12. h4 a6 13. h5 b5 14. Bd3 Bb7 15. Qe4 f5 16. Qxe6+ Kh8 17. h6 g6 18. Bg5 c4 19. Be2 Rae8 20. Qd7 Qb8 21. Be3 Rd8 22. Qe6 Rd6 23. Rxd6 Qxd6 24. Qxd6 Bxd6 25. Rd1 Rd8 26. Bg5 Be7 27. Bxe7 Rxd1+ 28. Bxd1 Nxe7 29. Kc1 Bxf3 30. Bxf3 Ng8 31. Bb7 Nxh6 32. Bxa6 Ng4 33. f3 Ne3 34. g3 Nf1 35. g4 fxg4 36. fxg4 Ne3 37. g5 h5 38. gxh6 g5 39. Bxb5 g4 40. Kd2 Nd5 41. Bxc4 Nf4 42. Bf1 g3 43. a4 g2 44. Bxg2 Nxg2 45.
a5 Nf4 46. a6 Nd5 47. a7 Nb6 48. Kd3 Kh7 49. c4 Kxh6 50. c5 Na8 51. b4 Kg7 52. b5 Kf8 53. b6 Ke8 54. b7 Kd7 55.
bxa8=Q Kc7 56. Qb8+ Kc6 57. a8=Q+ Kxc5 58. Qa5+ Kc6 59.
Qbb6+ Kd7 60. Qaa7+ Ke8 61. Qbb8# 1-0

[Event "*** SCC Grand Prix: Titled Tuesday Blitz"]
[Site "Chess.com"]
[Date "2020.09.08"]
[Round "6"]
[White "Chessdemon2019"]
[Black "GothamChess"]
[Result "0-1"]
[WhiteElo "2388"]
[BlackElo "2567"]
[TimeControl "180+1"]
[EndTime "11:07:39 PDT"]
[Termination "GothamChess won by checkmate"]

1. e4 e6 2. d4 b6 3. c4 Bb7 4.
Nc3 Bb4 5. f3 f5 6. exf5 Nh6 7.
fxe6 Nf5 8. Bd3 Qh4+ 9. Kf1 O-O 10. Nge2 dxe6 11. Ne4 Bxe4 12. Bxe4 Ne3+ 13. Bxe3 Qxe4 14.
Bf2 Qg6 15. a3 Bd6 16. Qb1 Qh6 17. Qe4 Nd7 18. Be3 Qf6 19. Kf2 Rae8 20. Rhf1 e5 21. d5 Nc5 22. Qg4 e4 23. Kg1 Qe5 24. f4 Qf6 25. Bd4 Qf7 26. b4 Nb3 27. Rae1 a5 28.
Bc3 axb4 29. axb4 b5 30. Nd4 Nxd4 31. Bxd4 bxc4 32. f5 Bxb4 33. Rc1 Bd2 34. Rxc4 e3 35. d6 e2 36. Rxc7 exf1=Q+ 37. Kxf1 Qxf5+ 38. Qxf5 Rxf5+ 39. Kg1 Re1# 0-1

[Event "*** SCC Grand Prix: Titled Tuesday Blitz"]
[Site "Chess.com"]
[Date "2020.09.08"]
[Round "6"]
[White "ARMQUEEN"]
[Black "QuintilianoR"]
[Result "0-1"]
[WhiteElo "2454"]
[BlackElo "2614"]
[TimeControl "180+1"]
[EndTime "11:07:40 PDT"]
[Termination "QuintilianoR won by resignation"]

1. e4 c5 2. Nc3 Nc6 3. Bb5 Nd4 4.
Bc4 a6 5. Nf3 b5 6. Bd5 Rb8 7.
Nxd4 cxd4 8. Ne2 Nf6 9. Nxd4 Nxd5 10. exd5 Bb7 11. Qh5 g6 12. Qe5 f6 13. Qe4 e6 14.
O-O Bxd5 15. Qe2 Qb6 16. Nb3 Qc6 17. Nd4 Qc7 18. d3 Bd6 19. h3 O-O 20. Bh6 Rf7 21.
Rac1 Bh2+ 22. Kh1 Be5 23. Be3 Qd6 24. c4 Bxg2+ 25. Kxg2 Bxd4 26. cxb5 axb5 27. Rc2 Bxe3 28. Qxe3 Qd5+ 29. f3 Qxa2 30. Rfc1 Kg7 31. Qd4 Qa4 32. Qd6 Rbf8 33. Rc7 Qh4 34. R1c5 Qb4 35. Rxd7 Rxd7 36.
Qxd7+ Rf7 37. Qxb5 Qd2+ 38. Kg3 Qe1+ 39. Kg2 Qd2+ 40. Kg1 Ra7 41. Qa5 Rxa5 42. Rxa5 Qxa5 0-1

[Event "*** SCC Grand Prix: Titled Tuesday Blitz"]
[Site "Chess.com"]
[Date "2020.09.08"]
[Round "6"]
[White "BUITRONGHAO"]
[Black "aa175"]
[Result "1-0"]
[WhiteElo "2573"]
[BlackElo "2397"]
[TimeControl "180+1"]
[EndTime "11:07:41 PDT"]
[Termination "BUITRONGHAO won on time"]

1. e4 c5 2. Nf3 d6 3. d4 cxd4 4. Nxd4 Nf6 5. Nc3 a6 6. g3 b5 7. Bg2 Bb7 8. O-O Nbd7 9. Re1 e6 10. b3 Be7 11. Bb2 O-O 12. a3 Rc8 13. Na2 d5 14. exd5 Bxd5 15. Nf3 Bc5 16. Nb4 Ng4 17. Re2 Qb6 18. Nd3 Rfd8 19. h3 Nxf2 20. Nxf2 Bxf3 21.
Bxf3 Ne5 22. Bxe5 Rxd1+ 23. Rxd1 f6 24. Bb2 Bxf2+ 25. Rxf2 Rxc2 26. Bd4 Qc7 27. Kg2 Rxf2+ 28. Bxf2 Qc3 29. Rd8+ Kf7 30. Ra8 a5 31. h4 Kg6 32.
Ra7 h5 33. Be4+ f5 34. Bf3 e5 35. Ra6+ Kh7 36. Bxh5 e4 37. Bg6+ Kh6 38. Bxf5+ g6 39.
Bxe4 1-0

[Event "*** SCC Grand Prix: Titled Tuesday Blitz"]
[Site "Chess.com"]
[Date "2020.09.08"]
[Round "6"]
[White "Nayemhaque22"]
[Black "WPWPWP-2015"]
[Result "1-0"]
[WhiteElo "2348"]
[BlackElo "2436"]
[TimeControl "180+1"]
[EndTime "11:07:41 PDT"]
[Termination "Nayemhaque22 won on time"]

1. e4 c5 2. Nf3 d6 3. b3 Nf6 4. e5 dxe5 5. Bb5+ Bd7 6. Qe2 e4 7.
Ne5 a6 8. Bxd7+ Nbxd7 9. Bb2 Nb6 10. O-O Nbd5 11. c4 Nf4 12. Qe3 Ne6 13. Nc3 Qd4 14.
Na4 Qxe3 15. fxe3 Rd8 16. Rad1 h5 17. Ba3 h4 18. Bxc5 h3 19. Bb6 hxg2 20. Kxg2 Rd6 21. c5 Rd5 22. d4 exd3 23. Nxd3 Ng4 24. c6 bxc6 25. Nf4 Nxf4+ 26. exf4 e6 27. Rxd5 cxd5 28.
Rc1 Ke7 29. Rc8 Nxh2 30. Bc5+ Kd7 31. Rxf8 Rh4 32. Kg3 Rh7 33. Nb6+ Kc6 34. b4 1-0

[Event "*** SCC Grand Prix: Titled Tuesday Blitz"]
[Site "Chess.com"]
[Date "2020.09.08"]
[Round "6"]
[White "mfwagnerpeixoto"]
[Black "juli2512"]
[Result "0-1"]
[WhiteElo "2237"]
[BlackElo "2057"]
[TimeControl "180+1"]
[EndTime "11:07:41 PDT"]
[Termination "juli2512 won by checkmate"]

1. d4 f5 2. Nf3 Nf6 3. c3 g6 4.
Qb3 e6 5. Bg5 Bg7 6. Nbd2 h6 7.
Bxf6 Qxf6 8. e4 O-O 9. Bd3 d6 10.
exf5 gxf5 11. O-O-O a5 12. a4 Na6 13. Rde1 Bd7 14.
Bb5 c6 15. Bc4 d5 16. Bxa6 bxa6 17. Ne5 Be8 18. Qa3 Qd8 19. Re3 Kh7 20. Rhe1 Rb8 21. Nd3 Bf7 22. Nc5 Re8 23. f4 Rb6 24. g3 Qb8 25. Nd7 Bf8 26. Qa2 Qb7 27. Nxb6 Qxb6 28.
g4 fxg4 29. f5 c5 30. fxe6 Bg6 31. Qxd5 cxd4 32. Qd7+ Bg7 33. Qxd4 Bxd4 34. cxd4 Qxd4 35. Rc3 Rd8 36. e7 Qxd2# 0-1

[Event "*** SCC Grand Prix: Titled Tuesday Blitz"]
[Site "Chess.com"]
[Date "2020.09.08"]
[Round "6"]
[White "MYMChessAcademy"]
[Black "Wilver92"]
[Result "0-1"]
[WhiteElo "2070"]
[BlackElo "2395"]
[TimeControl "180+1"]
[EndTime "11:07:41 PDT"]
[Termination "Wilver92 won by checkmate"]

1. e4 e6 2. d4 d5 3. Nc3 Bb4 4. e5 c5 5. a3 Bxc3+ 6. bxc3 Ne7 7. Qg4 O-O 8. Nf3 f5 9. Qg3 Qa5 10. Bd2 Nbc6 11. h4 Qa4 12. Bd3 cxd4 13. cxd4 Nxd4 14. Nxd4 Qxd4 15. c3 Qg4 16. Qf4 Qxf4 17. Bxf4 Bd7 18.
Bg5 Kf7 19. h5 Rac8 20. Kd2 Rc7 21. f3 Rfc8 22. g4 Rxc3 23. Bxe7 Kxe7 24. gxf5 exf5 25. Rhg1 Kf8 26. Rg3 R3c7 27. Rag1 Be6 28. Rg5 f4 29.
Bf5 Bxf5 30. Rxf5+ Kg8 31. Rxf4 Rc2+ 32. Ke3 R8c3+ 33. Kd4 Rc4+ 34. Ke3 R2c3+ 35. Kd2 Rxf4 36. Kxc3 Rxf3+ 37. Kd4 Rxa3 38. Kxd5 Rd3+ 39. Ke6 h6 40. Kf5 Rf3+ 41. Ke4 Rf2 42. e6 Kf8 43. Kd5 a5 44. Rc1 Rd2+ 45. Ke5 Re2+ 46. Kd5 a4 47. Rc8+ Ke7 48. Rc7+ Kf6 49. Rf7+ Kg5 50. Rxg7+ Kxh5 51.
Rxb7 a3 52. Ra7 a2 53. Kd6 Kg6 54. e7 Kf7 55. Ra4 Rd2+ 56. Ke5 Kxe7 57. Ra7+ Kd8 58.
Ra8+ Kc7 59. Ra7+ Kb6 60. Ra3 h5 61. Kf5 Kb5 62. Kg5 h4 63. Kxh4 Rd4+ 64. Kg3 Ra4 65.
Rxa4 Kxa4 66. Kf4 a1=Q 67. Ke3 Qe5+ 68. Kf3 Kb4 69. Kg4 Kc3 70. Kh3 Kd3 71. Kh4 Qg7 72. Kh3 Ke2 73. Kh2 Kf3 74. Kh3 Qh6# 0-1

[Event "*** SCC Grand Prix: Titled Tuesday Blitz"]
[Site "Chess.com"]
[Date "2020.09.08"]
[Round "6"]
[White "leejunhyeok"]
[Black "allvim"]
[Result "1-0"]
[WhiteElo "2650"]
[BlackElo "2365"]
[TimeControl "180+1"]
[EndTime "11:07:43 PDT"]
[Termination "leejunhyeok won by resignation"]

1. e4 c5 2. Nc3 a6 3. g3 e6 4. Bg2 g6 5. d4 Bg7 6. dxc5 Qa5 7. Ne2 Qxc5 8. Be3 Qc7 9. Bd4 Nf6 10. O-O O-O 11.
h3 Nc6 12. Be3 b5 13. a3 Bb7 14. Qd2 Ne5 15. b3 Rac8 16. f4 Nc6 17. e5 Ne8 18.
Rad1 b4 19. Na4 bxa3 20. Bb6 Qb8 21. Qxd7 Nxe5 22. Qxb7 Qxb7 23. Bxb7 Rb8 24. Bg2 Rc8 25. fxe5 Bxe5 26. Bd4 Bg7 27. Bxg7 Kxg7 28. c4 Nc7 29. Nec3 Rb8 30. Rd7 Ne8 31. Nc5 Nf6 32. Nxe6+ Kg8 33.
Nxf8 Nxd7 34. Nxd7 Rxb3 35. Ra1 Rxc3 36. c5 a5 37. c6 Kg7 38. Nb6 h5 39. Na8 Rc2 40. c7 a2 41. Bb7 Rb2 42. c8=Q Rb1+ 43. Kg2 Kh7 44. Rxa2 1-0

[Event "*** SCC Grand Prix: Titled Tuesday Blitz"]
[Site "Chess.com"]
[Date "2020.09.08"]
[Round "6"]
[White "JRenatoMaranhao"]
[Black "Jenia84"]
[Result "0-1"]
[WhiteElo "2031"]
[BlackElo "2312"]
[TimeControl "180+1"]
[EndTime "11:07:43 PDT"]
[Termination "Jenia84 won by resignation"]

1. e4 e5 2. Nf3 Nc6 3. Bb5 Nf6 4. O-O Nxe4 5. Re1 Nd6 6. Nxe5 Be7 7. Nxc6 dxc6 8. Bf1 O-O 9. d4 Bf5 10. c3 Bg5 11. Nd2 Qf6 12. h4 Bxh4 13. Nf3 Bg4 14. Be2 Bxf3 15. Bxf3 Bg5 16. Bxg5 Qxg5 17. Re5 Qf6 18.
Qe2 g6 19. Re1 Rae8 20. g4 Kg7 21. g5 Qf4 22. Kg2 Rxe5 23. Qxe5+ Qxe5 24. Rxe5 Re8 25. Rxe8 Nxe8 26. a4 Nd6 27. a5 a6 28. Kg3 Nc4 29. b4 f6 30. gxf6+ Kxf6 31. d5 cxd5 32. Bxd5 Nd6 33.
c4 Ke5 34. f4+ Kd4 35. Bg8 h6 36. Kg4 Nxc4 37. Bh7 Ne3+ 38. Kf3 g5 39. f5 Nd5 40. Kg4 Nf6+ 0-1

[Event "*** SCC Grand Prix: Titled Tuesday Blitz"]
[Site "Chess.com"]
[Date "2020.09.08"]
[Round "6"]
[White "Evgeny81"]
[Black "BilodeauA"]
[Result "1-0"]
[WhiteElo "2676"]
[BlackElo "2844"]
[TimeControl "180+1"]
[EndTime "11:07:44 PDT"]
[Termination "Evgeny81 won by resignation"]

1. Nf3 d5 2. c4 dxc4 3. e3 Bg4 4. Bxc4 e6 5. O-O a6 6. d4 Nf6 7. Nc3 Nc6 8. b3 Bd6 9. Bb2 O-O 10. Be2 Nd5 11. Ne4 f5 12. Nxd6 cxd6 13. Rc1 Nce7 14.
Ng5 Bxe2 15. Qxe2 Qd7 16. e4 Nf4 17. Qf3 Neg6 18. e5 h6 19. Nh3 Nxh3+ 20. Qxh3 d5 21. Ba3 Rfc8 22. Qe3 Qb5 23. Bd6 Nh8 24. a4 Qd7 25. h4 Nf7 26. Ba3 g6 27. g3 Kg7 28.
Kg2 Rxc1 29. Rxc1 Rc8 30. Be7 Rxc1 31. Bf6+ Kf8 32. Qxc1 Kg8 33. Qc5 h5 34. b4 Qc6 35.
b5 axb5 36. axb5 Qd7 37. b6 f4 38. Qc7 Qe8 39. gxf4 Qf8 40. Qxb7 Nd6 41. exd6 Qxf6 42. d7 Qxh4 43. f3 Qxf4 44. d8=Q+ 1-0

[Event "*** SCC Grand Prix: Titled Tuesday Blitz"]
[Site "Chess.com"]
[Date "2020.09.08"]
[Round "6"]
[White "olksuna"]
[Black "LuckSlayeer"]
[Result "1-0"]
[WhiteElo "2666"]
[BlackElo "2478"]
[TimeControl "180+1"]
[EndTime "11:07:44 PDT"]
[Termination "olksuna won on time"]

1. Nf3 Nf6 2. g3 b6 3. Bg2 Bb7 4. O-O e6 5. c4 c5 6. Nc3 Be7 7. d4 cxd4 8. Qxd4 O-O 9. Rd1 a6 10. Bf4 Nc6 11. Qd2 Rc8 12. Rac1 b5 13. cxb5 axb5 14.
Nxb5 d5 15. Ne5 Qb6 16. Nxc6 Bxc6 17. Nd4 Ba4 18. b3 Bd7 19. Bg5 e5 20. Nc2 d4 21. Bxf6 Bxf6 22. Nb4 Qa5 23. Rxc8 Rxc8 24. h4 Bd8 25. Nd5 Qxd2 26. Rxd2 Rc1+ 27. Kh2 f5 28. e3 dxe3 29. Nxe3 Rc7 30. Bc6 Bxc6 31. Rxd8+ Kf7 32.
Nxf5 g6 33. Ne3 Be4 34. g4 Rc1 35. Rd1 Rc3 36. Rd2 Bf3 37. Kg3 e4 38. b4 Rc1 39. Kf4 1-0

[Event "*** SCC Grand Prix: Titled Tuesday Blitz"]
[Site "Chess.com"]
[Date "2020.09.08"]
[Round "6"]
[White "MikeSailer"]
[Black "larisakalinina"]
[Result "0-1"]
[WhiteElo "2104"]
[BlackElo "1912"]
[TimeControl "180+1"]
[EndTime "11:07:44 PDT"]
[Termination "larisakalinina won on time"]

1. d4 c5 2. e3 e6 3. Nf3 d5 4. Be2 Nf6 5. O-O cxd4 6. exd4 Bd6 7. Bg5 O-O 8. Nbd2 Nc6 9. c3 Re8 10. Re1 Rb8 11. Bd3 b5 12. a3 a5 13. Ne5 Bd7 14. Re3 h6 15. Bxf6 gxf6 16. Rg3+ Kf8 17. Nxc6 Bxc6 18. Rh3 Ke7 19. Rxh6 Rh8 20. Qh5 Rxh6 21.
Qxh6 b4 22. axb4 axb4 23. Ra7+ Rb7 24. Rxb7+ Bxb7 25. h4 bxc3 26. bxc3 Qa5 27. Qg7 Qxc3 28. Bg6 Qxd2 29. Qxf7+ Kd8 30. Qxf6+ Be7 31. Qxe6 Qxd4 32. Bf5 Qa4 33. Qb6+ Ke8 34. Qxb7 Qa1+ 35. Kh2 Qe5+ 36. g3 Qxf5 37. Qb8+ Kf7 38. Qb2 Bf6 39. Qb7+ Kg6 40. Qb6 d4 41. Kg1 d3 42. Qe3 Qb5 43. Qe4+ Kg7 44.
Qg4+ Kf7 0-1

[Event "*** SCC Grand Prix: Titled Tuesday Blitz"]
[Site "Chess.com"]
[Date "2020.09.08"]
[Round "6"]
[White "OscarAng"]
[Black "aNaartjieZA"]
[Result "0-1"]
[WhiteElo "2252"]
[BlackElo "2476"]
[TimeControl "180+1"]
[EndTime "11:07:45 PDT"]
[Termination "aNaartjieZA won on time"]

1. d4 Nf6 2. Bg5 Ne4 3. Bf4 c5 4. f3 Qa5+ 5. c3 Nf6 6. Nd2 cxd4 7. Nc4 Qd8 8. Qxd4 Nc6 9. Qe3 d5 10. Nd6+ Kd7 11. Nxf7 Qe8 12. Nxh8 e5 13. Bg5 Bd6 14. O-O-O d4 15. cxd4 Nxd4 16. Qd2 Ke7 17. e3 Qc6+ 18. Qc3 Qxc3+ 19. bxc3 Nc6 20. Bxf6+ gxf6 21. Rxd6 Kxd6 22. Nf7+ Ke7 23. Nh6 Be6 24. Kb2 Rd8 25. Ne2 Rd2+ 26. Kb1 Rxa2 27. Nf5+ Kd7 28. Nc1 Rd2 29. e4 a6 30. Be2 Bxf5 31. exf5 Ne7 32. Rd1 Rxd1 33. Bxd1 Nxf5 34. g4 Nh4 35. Nd3 h6 36. Nc5+ Kc6 37. Ne4 f5 38. gxf5 Nxf5 39. Be2 b5 40. Kc2 a5 41. Kb3 Nh4 42. Nf6 Ng2 43. Ng4 Nf4 44. Bd1 a4+ 45. Ka3 h5 46. Nxe5+ Kd5 47. Nd7 Kc4 48. Nf6 Kxc3 49. Ne4+ Kd4 50. Ng3 Kc3 51. Ne2+ Nxe2 52. Bxe2 b4+ 53. Kxa4 b3 54. Ka3 b2 55. Ka2 Kc2 56. Bd1+ Kc1 57. Bc2 Kxc2 58. f4 b1=Q+ 0-1

[Event "*** SCC Grand Prix: Titled Tuesday Blitz"]
[Site "Chess.com"]
[Date "2020.09.08"]
[Round "6"]
[White "Jumbo"]
[Black "TheMagnet"]
[Result "0-1"]
[WhiteElo "2749"]
[BlackElo "2590"]
[TimeControl "180+1"]
[EndTime "11:07:46 PDT"]
[Termination "TheMagnet won on time"]

1. d4 Nf6 2. c4 g6 3. g3 Bg7 4. Bg2 O-O 5. Nf3 d6 6. O-O Nc6 7.
Nc3 a6 8. Bf4 Rb8 9. Rc1 Bg4 10.
d5 Na5 11. b3 c5 12. dxc6 Nxc6 13. Qd2 Re8 14. Rfd1 Qa5 15. h3 Bxf3 16. Bxf3 Rec8 17. Qe3 Kf8 18. g4 Nd7 19. Nd5 Nce5 20. a4 Re8 21. Bg2 b5 22. axb5 axb5 23. b4 Qa2 24.
cxb5 Nc4 25. Qe4 Nde5 26. Rc2 Qb3 27. Rdc1 e6 28. Nc7 d5 29. Rc3 Qxc3 30. Rxc3 dxe4 31.
Nxe8 Rxe8 32. Bxe4 Nd6 33. Rc6 Nxe4 34. Bxe5 Bxe5 35.
Rc4 Nd6 36. Rc5 Bf6 37. b6 Rb8 38. Rc6 Be7 39. e3 Ke8 0-1

[Event "*** SCC Grand Prix: Titled Tuesday Blitz"]
[Site "Chess.com"]
[Date "2020.09.08"]
[Round "6"]
[White "Kislov_Oleg"]
[Black "earling8018"]
[Result "1-0"]
[WhiteElo "2381"]
[BlackElo "2045"]
[TimeControl "180+1"]
[EndTime "11:07:46 PDT"]
[Termination "Kislov_Oleg won on time"]

1. e4 e5 2. Nf3 Nc6 3. d4 exd4 4. Nxd4 Nf6 5. Nc3 Bb4 6. Nxc6 bxc6 7. Bd3 d5 8. exd5 cxd5 9. O-O O-O 10. Bg5 c6 11.
Qf3 Bd6 12. Rfe1 Rb8 13. b3 Bg4 14. Bxf6 Qxf6 15. Qxg4 Qxc3 16. Rad1 g6 17. h4 Rbe8 18. Kf1 Bb4 19. Rxe8 Rxe8 20. g3 Re1+ 21. Rxe1 Qxe1+ 22.
Kg2 Bc5 23. Qf4 a5 24. a4 Qe6 25. h5 Bd6 26. Qd2 Bb4 27. c3 Bd6 28. hxg6 hxg6 29. b4 d4 30. bxa5 dxc3 31. Qxc3 Qd5+ 32. f3 Qg5 33. g4 Qf4 34. Be4 Qg3+ 35. Kf1 c5 36. a6 Be5 37. Qxc5 Qh3+ 38. Ke2 1-0

[Event "*** SCC Grand Prix: Titled Tuesday Blitz"]
[Site "Chess.com"]
[Date "2020.09.08"]
[Round "6"]
[White "mr65"]
[Black "VladimirBugayev"]
[Result "0-1"]
[WhiteElo "2148"]
[BlackElo "2275"]
[TimeControl "180+1"]
[EndTime "11:07:46 PDT"]
[Termination "VladimirBugayev won on time"]

1. e4 c6 2. Nc3 d5 3. Nf3 Bg4 4. h3 Bxf3 5. Qxf3 e6 6. g3 Bc5 7. Bg2 Ne7 8. O-O O-O 9. Ne2 Nd7 10. d4 Bb6 11. e5 c5 12. c3 Nc6 13. Qd3 cxd4 14. cxd4 f6 15. exf6 Qxf6 16. Be3 Rad8 17. Rad1 Kh8 18. Nf4 Bc7 19. Qd2 Nb6 20. b3 Qf7 21. h4 e5 22. Nh3 e4 23. Ng5 Qg6 24. Bh3 Rde8 25. a4 h6 26. Ne6 Rxe6 27. Bxe6 Qxe6 28. a5 Nd7 29. Rc1 a6 30. Kg2 Bxa5 31. Qe2 Bb4 32. f4 exf3+ 33. Rxf3 Rxf3 34. Qxf3 Qe4 35. Qxe4 dxe4 36. d5 Nce5 37. Bd4 Bd6 38. Rc8+ Kh7 39. Rd8 Bc7 40. Rc8 Bb6 41. Re8 Bxd4 0-1

[Event "*** SCC Grand Prix: Titled Tuesday Blitz"]
[Site "Chess.com"]
[Date "2020.09.08"]
[Round "6"]
[White "Meri-Arabidze"]
[Black "Snegokhod"]
[Result "1-0"]
[WhiteElo "2569"]
[BlackElo "2377"]
[TimeControl "180+1"]
[EndTime "11:07:47 PDT"]
[Termination "Meri-Arabidze won by checkmate"]

1. d4 Nf6 2. c4 g6 3. Nf3 Bg7 4. g3 O-O 5. Bg2 d5 6. cxd5 Nxd5 7. O-O Nc6 8. Nc3 Nb6 9. d5 Na5 10. Qc2 c6 11. dxc6 Nxc6 12. Rd1 Qc7 13. Nb5 Qb8 14.
Bf4 e5 15. Be3 Bf5 16. Qc5 Nd7 17. Qd6 a6 18. Nc7 Nd4 19. Nxd4 exd4 20. Bxd4 Bxd4 21.
Rxd4 Ra7 22. g4 b5 23. gxf5 Rxc7 24. fxg6 hxg6 25. Qxa6 Nc5 26. Qf6 Ne6 27. Rh4 Ng7 28.
Rd1 Rc2 29. Bf3 Qc7 30. Qg5 Nf5 31. Rh3 Qe5 32. Rd5 Qg7 33. Rxb5 Rxb2 34. Rxb2 Qxb2 35. Bd5 Qg7 36. Bb3 Nd4 37. e3 Nxb3 38. axb3 Rc8 39.
Qh4 Rb8 40. b4 Rb5 41. Qc4 Rb8 42. b5 Qe5 43. b6 Kg7 44. Qh4 Rxb6 45. Qh8# 1-0

[Event "*** SCC Grand Prix: Titled Tuesday Blitz"]
[Site "Chess.com"]
[Date "2020.09.08"]
[Round "6"]
[White "gui_borba"]
[Black "Th3_Hound"]
[Result "1-0"]
[WhiteElo "2413"]
[BlackElo "2582"]
[TimeControl "180+1"]
[EndTime "11:07:47 PDT"]
[Termination "gui_borba won by resignation"]

1. e4 e5 2. Nf3 Nc6 3. Bc4 Bc5 4. c3 Nf6 5. d3 d6 6. O-O a6 7. h3 h6 8. a4 Ba7 9. Re1 O-O 10. Be3 Bxe3 11. Rxe3 Re8 12. Na3 Be6 13. Bxe6 Rxe6 14. Nc4 a5 15. Qc2 Nh5 16. d4 Rg6 17. dxe5 Nf4 18.
Ne1 Nxe5 19. Nxe5 dxe5 20. Rd1 Qh4 21. Kh2 Re8 22. Rg3 Rf6 23. Nf3 Qh5 24. Rd7 Ne6 25.
Qb3 Nc5 26. Qb5 Nxd7 27. Qxd7 Ree6 28. Qxc7 b6 29. Rg4 Rf4 30. Rxf4 exf4 31. Qb8+ Kh7 32. Qxf4 Qc5 33. e5 Qc7 34. Qf5+ g6 35. Qe4 Qe7 36. Qd5 Qe8 37. g3 Qxa4 38. Qb7 Qe8 39. Kg2 Kg7 40. h4 Qe7 41. Qd5 Qc5 42. Qd7 Re7 43. Qd3 Qc6 44. h5 Rxe5 45. Qd4 f6 46. hxg6 Kxg6 47. Qg4+ Rg5 48. Qf4 Rf5 49. Qg4+ Rg5 50. Qf4 Qd5 51. Kh2 Rf5 52. Nh4+ 1-0

[Event "*** SCC Grand Prix: Titled Tuesday Blitz"]
[Site "Chess.com"]
[Date "2020.09.08"]
[Round "6"]
[White "kirillshevchenko"]
[Black "Rodalquilar"]
[Result "1-0"]
[WhiteElo "2855"]
[BlackElo "2657"]
[TimeControl "180+1"]
[EndTime "11:07:48 PDT"]
[Termination "kirillshevchenko won by checkmate"]

1. e4 d5 2. exd5 Qxd5 3. Nc3 Qa5 4. b4 Qxb4 5. Nb5 Na6 6. Nf3 c6 7. Nc3 Nf6 8. Rb1 Qd6 9. d4 g6 10. Bc4 Bg7 11. O-O O-O 12. Ne5 Nd5 13. Ne4 Qd8 14. Ba3 Nac7 15. Qf3 Ne6 16. c3 Bxe5 17. dxe5 Qc7 18.
Qg3 b6 19. f4 Ng7 20. Rbe1 a5 21. Kh1 b5 22. Bb3 b4 23. cxb4 axb4 24. Bb2 Ba6 25. Rf3 Nh5 26. Qf2 Bc8 27. e6 Bxe6 28. Ng5 Bg4 29.
Rd3 Nhxf4 30. Qh4 Bh5 31. Rf3 e6 32. Ne4 f5 33. Bxd5 exd5 34. Nf6+ Rxf6 35. Qxf6 Bxf3 36. Qh8+ Kf7 37. Qg7# 1-0

[Event "*** SCC Grand Prix: Titled Tuesday Blitz"]
[Site "Chess.com"]
[Date "2020.09.08"]
[Round "6"]
[White "Gvetadze"]
[Black "SeedToTree"]
[Result "1-0"]
[WhiteElo "2461"]
[BlackElo "2571"]
[TimeControl "180+1"]
[EndTime "11:07:48 PDT"]
[Termination "Gvetadze won on time"]

1. e4 e5 2. Nf3 Nc6 3. Bb5 a6 4. Ba4 Nf6 5. d3 d6 6. c3 g6 7. O-O Bg7 8. Nbd2 O-O 9. Re1 Nh5 10. Nf1 h6 11. h3 Qf6 12. N1h2 Nf4 13. Ng4 Bxg4 14. hxg4 b5 15. Bb3 Na5 16. Bc2 c5 17. a4 b4 18. g3 Ne6 19. Kg2 Rfd8 20.
Qe2 b3 21. Bb1 d5 22. exd5 Rxd5 23. Nd2 Qd8 24. Ra3 Rb8 25. Nc4 Qc7 26. Qe4 Rbd8 27. Nxa5 Qxa5 28. Rxb3 c4 29. dxc4 Nc5 30. Qf3 Nxb3 31.
cxd5 Qxd5 32. Be4 Qc4 33. Be3 Nd2 34. Bxd2 Rxd2 35. b4 a5 36. bxa5 Qxa4 37. Bd5 Qd7 38. c4 Ra2 39. Rb1 Ra3 40. Qxa3 e4 41. Rb7 Qxg4 42.
Rxf7 Kh7 43. Qe3 1-0

[Event "*** SCC Grand Prix: Titled Tuesday Blitz"]
[Site "Chess.com"]
[Date "2020.09.08"]
[Round "6"]
[White "reniite"]
[Black "IngOscarArdila"]
[Result "1-0"]
[WhiteElo "1907"]
[BlackElo "2166"]
[TimeControl "180+1"]
[EndTime "11:07:48 PDT"]
[Termination "reniite won on time"]

1. e4 e5 2. Nf3 Nc6 3. Nc3 Nf6 4.
Bb5 Bb4 5. O-O O-O 6. d3 d6 7. Bg5 Bxc3 8. bxc3 Qe7 9. Re1 Nd8 10. d4 Ne6 11.
Bc1 Rd8 12. a4 Nf8 13. Ba3 Ng6 14. Bf1 Bg4 15. h3 Bd7 16. g3 c5 17. Bg2 Bc6 18.
Nh2 Rac8 19. Ng4 Nxg4 20. Qxg4 Bd7 21. Qd1 Bxa4 22. Bxc5 dxc5 23. Rxa4 a6 24. h4 cxd4 25. cxd4 exd4 26. h5 Ne5 27. Rxd4 Rxd4 28. Qxd4 Rxc2 29.
Rb1 Rc7 30. Rd1 h6 31. f4 Nc6 32. Qd3 Qc5+ 33. Kh2 Qxh5+ 34. Bh3 Rc8 35. Qb1 b5 36. Rd7 Rd8 37. Qd3 Rxd7 38. Qxd7 Qe2+ 39. Kg1 Qxe4 40.
Qc8+ Kh7 41. Bf5+ Qxf5 42. Qxf5+ g6 43. Qxf7+ Kh8 44. Qe8+ Kh7 45. Qxc6 1-0

[Event "*** SCC Grand Prix: Titled Tuesday Blitz"]
[Site "Chess.com"]
[Date "2020.09.08"]
[Round "6"]
[White "ClydeHillKid"]
[Black "Anna_ChessMate"]
[Result "0-1"]
[WhiteElo "2344"]
[BlackElo "2515"]
[TimeControl "180+1"]
[EndTime "11:07:49 PDT"]
[Termination "Anna_ChessMate won by resignation"]

1. e4 c6 2. d3 d5 3. Nd2 g6 4.
Ngf3 Bg7 5. g3 e5 6. Bg2 Ne7 7. O-O O-O 8. Re1 h6 9. exd5 Nxd5 10. Nxe5 Re8 11. Nef3 Be6 12. Ne4 Na6 13. c3 Qd7 14. d4 Rad8 15. a3 b6 16. Bd2 Bf5 17. Nh4 Bg4 18. Bf3 Bxf3 19. Qxf3 f5 20. Nxg6 fxe4 21.
Rxe4 Rxe4 22. Qxe4 Re8 23. Qf3 Nac7 24. h4 Qf7 25.
Qg4 Nf6 26. Qf5 Ne4 27. Qxf7+ Kxf7 28. Bf4 Nd5 29. h5 c5 30. dxc5 Nxc5 31. Rd1 Nf6 32. Ne5+ Kg8 33. g4 Ne6 34. Be3 Ng5 35. f4 Nge4 36.
Kg2 Bf8 37. Kf3 Nc5 38. Rd4 Ne6 39. Rd3 Bc5 40. b4 Bxe3 41. Rxe3 Nxf4 42. Kxf4 Nd5+ 43. Ke4 Nxe3 44. Kxe3 Rxe5+ 45. Kf4 Re1 46. Kf5 Kf7 47. g5 Rf1+ 48. Kg4 Rg1+ 49. Kf5 Rxg5+ 0-1

[Event "*** SCC Grand Prix: Titled Tuesday Blitz"]
[Site "Chess.com"]
[Date "2020.09.08"]
[Round "6"]
[White "Duong57"]
[Black "Grineva_Marianna"]
[Result "1-0"]
[WhiteElo "2301"]
[BlackElo "2208"]
[TimeControl "180+1"]
[EndTime "11:07:49 PDT"]
[Termination "Duong57 won on time"]

1. d4 f5 2. c4 d6 3. Nc3 Nf6 4. Nf3 g6 5. g3 Bg7 6. Bg2 O-O 7. O-O Qe8 8. d5 c6 9. Re1 e5 10. dxc6 Nxc6 11. Qxd6 e4 12. Nd4 Ne5 13. Bf4 Nxc4 14.
Qb4 Nb6 15. Red1 Bd7 16. e3 Rc8 17. Bf1 Kh8 18. Ndb5 Bxb5 19. Bxb5 Qf7 20. Qa5 Nbd5 21. Be5 a6 22. Bf1 Nxc3 23. Bxc3 Ng4 24. Bb4 Rfe8 25. h3 Ne5 26. Bc3 Nf3+ 27. Kg2 Rxc3 28. bxc3 Qe6 29. Rd8 Bf6 30. Rxe8+ Qxe8 31. Rb1 b5 32. Qc7 Nd2 33. Rd1 Nxf1 34. Kxf1 Be5 35. Qc5 Bf6 36. Rd6 Kg7 37. Qd5 1-0

[Event "*** SCC Grand Prix: Titled Tuesday Blitz"]
[Site "Chess.com"]
[Date "2020.09.08"]
[Round "6"]
[White "barbosean"]
[Black "Mikhail_Golubev"]
[Result "1-0"]
[WhiteElo "2311"]
[BlackElo "2572"]
[TimeControl "180+1"]
[EndTime "11:07:50 PDT"]
[Termination "barbosean won on time"]

1. e4 c5 2. Nf3 d6 3. Bb5+ Bd7 4. Bxd7+ Qxd7 5. O-O Nf6 6. Re1 Nc6 7. c3 e6 8. d3 Be7 9. Nbd2 O-O 10. Nf1 b5 11. Ng3 Rab8 12. d4 b4 13. d5 exd5 14. exd5 Na5 15. cxb4 cxb4 16. Qd3 Rb5 17. Nf5 Rxd5 18.
N3d4 Bd8 19. Qf3 Nc6 20. Be3 Nxd4 21. Nxd4 Bb6 22. Rad1 Re8 23. h3 Bxd4 24. Bxd4 Rf5 25.
Qg3 Re6 26. Rc1 h6 27. Red1 Kh7 28. Qd3 g6 29. g4 Rd5 30. Qf3 Ne4 31. Rc8 Re8 32.
Rxe8 Qxe8 33. Qf4 Ng5 34. Kg2 Ne6 35. Qe3 1-0